 Dungeon Crawl Stone Soup version 0.22-a0-21-g9421e3f (webtiles) character file.

5 tidbits the Grave Robber (level 1, -1/7 HPs)
             Began as a Felid Necromancer on Jan 2, 2018.
             Slain by Terence
             ... wielding a +0 hand axe
              (7 damage)
             ... on level 2 of the Dungeon.
             The game lasted 00:01:12 (195 turns).

tidbits the Grave Robber (Felid Necromancer)         Turns: 195, Time: 00:01:13

Health: -1/7       AC:  1    Str:  4    XL:     1   Next: 66%
Magic:  3/4        EV: 18    Int: 16    God:
Gold:   22         SH:  0    Dex: 16    Spells: 3/4 levels left
                                        Lives:  0   Deaths: 0

rFire    . . .     SeeInvis +     - Unarmed
rCold    . . .     Gourm    .   (shield unavailable)
rNeg     . . .     Faith    .   (armour unavailable)
rPois    .         Spirit   .   (helmet unavailable)
rElec    .         Reflect  .   (cloak unavailable)
rCorr    .         Harm     .   (gloves unavailable)
MR       .....                  (boots unavailable)
Stlth    +++.......             (no amulet)
HPRegen  0.02/turn              (no ring)
MPRegen  0.09/turn              (no ring)

@: quick
A: very small, no armour, no weapons or thrown items, stealth, claws 1, fangs 3,
see invisible, carnivore, speed 1, shaggy fur 1, slow metabolism 1, sharp paws
a: no special abilities


You were on level 2 of the Dungeon.
You were not hungry.

You visited 1 branch of the dungeon, and saw 2 of its levels.

You collected 22 gold pieces.

Inventory:

Scrolls
 c - a scroll of remove curse {unknown}
 d - a scroll of identify {unknown}
Books
 a - a book of Necromancy

   Spells                             Type                      Level
   a - Pain                           Necromancy                   1
   b - Animate Skeleton               Necromancy                   1
   c - Vampiric Draining              Necromancy                   3
   d - Regeneration                   Charms/Necromancy            3
   e - Animate Dead                   Necromancy                   4
   f - Borgnjor's Vile Clutch         Necromancy/Earth             5
Comestibles
 b - a ration


   Skills:
 - Level 2.6 Dodging
 - Level 2.6 Stealth
 + Level 1.3 Unarmed Combat
 - Level 2.0 Spellcasting
 - Level 4.0 Necromancy


You had 3 spell levels left.
You knew the following spells:

 Your Spells              Type           Power        Failure   Level  Hunger
a - Pain                  Necr           ##..         4%          1    #......


Dungeon Overview and Level Annotations

Branches:
Dungeon (2/15)

Altars:

Annotations:
D:2 Terence


Innate Abilities, Weirdness & Mutations

You cannot wear armour.
You are incapable of wielding weapons or throwing items.
Your paws allow you to move quietly. (Stealth)
You have sharp claws.
You have razor-sharp teeth.
You have supernaturally acute eyesight. (SInv)
You are carnivorous and can eat meat at any time.
You cover ground quickly.
You are covered in fur. (AC +1)
You have a slow metabolism.
Your sharp claws are effective at attacking unaware monsters.


Message History

There is an open door here.
You open the door.
Found 22 stones.
There is an open door here.
You open the door.
There is an open door here.
There is a staircase leading out of the dungeon here.
You open the door.
A rat comes into view.
There is an open door here.
You scratch the rat but do no damage. The rat misses you.
Casting: Pain
Confirm with . or Enter, or press ? or * to list all spells.
Aiming: Pain
Press: ? - help, Shift-Dir - straight line, f - rat
Aim: a rat (chance to defeat MR: 85%)
The rat barely resists.
The rat completely misses you.
You closely miss the rat. The rat barely misses you.
Casting: Pain
Confirm with . or Enter, or press ? or * to list all spells.
Aiming: Pain
Press: ? - help, Shift-Dir - straight line, f/p - rat
Aim: a rat (chance to defeat MR: 85%)
The rat writhes in agony!
You kill the rat!
You open the door.
There is an open door here.
A rat comes into view.
Found a scroll labeled NOESCHIYXEO.
You pounce on the unaware helpless rat!
You scratch the rat.
You kill the rat!
Found a dagger.
c - a scroll labeled NOESCHIYXEO
There are no items here.
Found a scroll labeled OFU DIBLUOLULITE.
d - a scroll labeled OFU DIBLUOLULITE
There are no items here.
A kobold comes into view. It is wielding a short sword.
Found a ration.
The helpless kobold fails to defend itself.
You claw the kobold!
You kill the kobold!
A kobold comes into view.
Found 10 gold pieces.
The helpless kobold fails to defend itself.
You scratch the kobold.
You kill the kobold!
You now have 10 gold pieces.
You see here a kobold corpse.
Autopickup is now off.
Found a hunting sling.
Found 12 gold pieces.
You see here a hunting sling.
You see here 12 gold pieces.
You now have 22 gold pieces (gained 12).
You open the door.
There is an open door here.
You see here a dagger.
A bat comes into view.
A bat comes into view.
You pounce on the unaware helpless bat!
You scratch the bat.
You kill the bat!
Your Unarmed Combat skill increases to level 1!
Casting: Pain
Confirm with . or Enter, or press ? or * to list all spells.
Aiming: Pain
Press: ? - help, Shift-Dir - straight line, f - bat
Aim: a bat (chance to defeat MR: 85%)
The bat writhes in agony!
The bat closely misses you.
Casting: Pain
Confirm with . or Enter, or press ? or * to list all spells.
Aiming: Pain
Press: ? - help, Shift-Dir - straight line, f/p - bat
Aim: a bat (heavily wounded, chance to defeat MR: 85%)
The bat writhes in agony!
You kill the bat!
You see here a bat corpse.
Found an escape hatch in the floor.
Found a stone staircase leading down.
You open the door.
Found a stone staircase leading down.
There is an escape hatch in the floor here.
There is a stone staircase leading down here.
You climb downwards.
Terence the Incautious comes into view.
He is wielding a hand axe.
Found a stone staircase leading down.
There is a stone staircase leading up here.
You aren't carrying any potions.
Unknown command.
Okay, then.
You pounce on the unaware helpless Terence!
You scratch Terence.
Terence is lightly wounded.
Terence misses you.
You aren't carrying any potions.
Unknown command.
Unknown command.
There is a stone staircase leading up here.
Terence hits you with a hand axe!
Ouch! That really hurt!
You die...

##########
#........#
#........#
#........#
#........#
#.@......#
#.@......#
#...>....#
#...######
..#.#
..##.# ##.
#.# .. #.#
... .#


You could see Terence.

Vanquished Creatures
  2 bats (D:1)
  2 kobolds (D:1)
  2 rats (D:1)
6 creatures vanquished.

Notes
Turn   | Place    | Note
-------+----------+-------------------------------------------
     0 | D:1      | tidbits the Felid Necromancer began the quest for the Orb.
     0 | D:1      | Reached XP level 1. HP: 7/7 MP: 4/4
   171 | D:1      | Reached skill level 1 in Unarmed Combat
   189 | D:2      | Noticed Terence
   195 | D:2      | Slain by Terence

Vault maps used:
D:1:      dpeg_arrival_rhombi, tso_altar
D:2:      nicolae_qazlal_style_of_elements, nicolae_underground_beach,
          uniq_natasha, uniq_jessica, uniq_terence

Skill      XL: |  1 |
---------------+----+-----
Unarmed Combat | 1 |  1.3
Dodging        | |  2.6
Stealth        | |  2.6
Spellcasting   | |  2.0
Necromancy     | |  4.0

Action                   || total
-------------------------++-------
Melee: Unarmed           ||     7
 Cast: Pain              ||     4
 Stab: Sleeping          ||     5
Dodge: Dodged            ||     5

Table legend:
 A = Spawn XP
 B = Non-spawn XP
 C = Spawn XP percentage of total XP
 D = Spawn monster count
 E = Non-spawn monster count
 F = Spawn count percentage of total count
 G = Total turns spent on level
                    A         B        C        D         E        F      G
               +---------+---------+-------+---------+---------+-------+---------
         Total |       0 |       8 |   0.0 |       0 |       6 |   0.0 |   195
               +---------+---------+-------+---------+---------+-------+---------
           D:1 |       0 |       8 |   0.0 |       0 |       6 |   0.0 |   189
               +---------+---------+-------+---------+---------+-------+---------

Table legend:
 A = Turns spent in this place as a percentage of turns spent in the entire game.
 B = Non-inter-level travel turns spent in this place as a percentage of non-inter-level travel turns spent in the entire game.
 C = Inter-level travel turns spent in this place as a percentage of turns spent in this place.
 D = Turns resting spent in this place as a percentage of non-inter-level travel turns spent in this place.
 E = Turns spent auto-exploring this place as a percentage of non-inter-level travel turns spent in this place.
 F = Non-inter-level travel turns spent in this place divided by the number of levels of this place that you've seen.
                   A       B       C       D       E      F
               +-------+-------+-------+-------+-------+----------------------
         Total | 100.0 | 100.0 |   0.0 |   0.0 |   0.0 |  97.5
       Dungeon | 100.0 | 100.0 |   0.0 |   0.0 |   0.0 |  97.5
               +-------+-------+-------+-------+-------+----------------------

Table legend:
 A = Kills in this place as a percentage of kills in entire the game.
 B = Kills by you in this place as a percentage of kills by you in the entire game.
 C = Kills by friends in this place as a percentage of kills by friends in the entire game.
 D = Other kills in this place as a percentage of other kills in the entire game.
 E = Experience gained in this place as a percentage of experience gained in the entire game.
 F = Experience gained in this place divided by the number of levels of this place that you have seen.
                   A       B       C       D       E      F
               +-------+-------+-------+-------+-------+----------------------
         Total | 100.0 | 100.0 |   N/A |   N/A | 100.0 |   4.0
       Dungeon | 100.0 | 100.0 |   N/A |   N/A | 100.0 |   4.0
               +-------+-------+-------+-------+-------+----------------------

Vault maps used:
D:1:      dpeg_arrival_rhombi, tso_altar
D:2:      nicolae_qazlal_style_of_elements, nicolae_underground_beach,
          uniq_natasha, uniq_jessica, uniq_terence
